 Dungeon Crawl Stone Soup version 0.32-a0-131-g9dbbe29261 (webtiles) character file.

Game seed: 10860540252120367060

4883 Ambrosia the Protected (level 10, -6/90 (132) HPs)
             Began as a Minotaur Gladiator on Feb 8, 2024.
             Was a Believer of Wu Jian.
             Mangled by Jeremiah
             ... wielding a +2 trident of draining
              (9 damage)
             ... on level 9 of the Dungeon.
             The game lasted 00:12:52 (9365 turns).

Ambrosia the Protected (Minotaur Gladiator)         Turns: 9365, Time: 00:12:52

HP:   -6/90 (132)   AC: 25    Str: 18    XL:     10   Next: 26%
MP:   9/9           EV:  2    Int:  5    God:    Wu Jian [**....]
Gold: 61            SH:  0    Dex: 23    Spells: 9/9 levels left

rFire   . . .        a - +1 quarterstaff
rCold   . . .        (shield currently unavailable)
rNeg    . . .        x - melded +0 acid dragon scales
rPois   +            c - melded +2 hat
rElec   .            (cloak currently unavailable)
rCorr   .            (gloves currently unavailable)
SInv    +            u - melded +0 pair of boots
Will    .....        (no amulet)
Stlth   ++           o - +6 ring of dexterity
HPRegen 0.35/turn    t - ring of see invisible {sInv}
MPRegen 0.11/turn

%: no passive effects
@: lethally poisoned (-6 -> -9), tree-form, hasted, very heavily drained, very
quick
A: stationary, stasis, torment immunity, boosted hp, (horns 2), (retaliatory
headbutt)
a: Renounce Religion, Wall Jump


You were on level 9 of the Dungeon.
You worshipped Wu Jian.
Wu Jian was pleased with you.
You were a tree.
You visited 2 branches of the dungeon, and saw 10 of its levels.
You also visited: Sewer and Ossuary.

You collected 438 gold pieces.
You spent 377 gold pieces at shops.

Inventory:

Hand Weapons
 a - a +1 quarterstaff (weapon)
 i - the +5 rapier "Asoffusyro" {spect, Str+5}
   (You found it on level 3 of the Dungeon)

   Str+5:     It affects your strength (+5).
 m - the +4 dagger "Newtbane" {freeze, Int+5}
   (You found it on level 4 of the Dungeon)

   Int+5:     It affects your intelligence (+5).
Missiles
 e - a javelin
 q - a throwing net (quivered) {=f, !d}
Armour
 c - a +2 hat (melded)
 u - a +0 pair of boots (melded)
   (You found it on level 6 of the Dungeon)
 x - +0 acid dragon scales (melded)
   (You found it on level 8 of the Dungeon)
Magical Staves
 y - a staff of cold {rC+}
   (You found it on level 9 of the Dungeon)
Jewellery
 b - an amulet of regeneration
   (You took it off Erica on level 8 of the Dungeon)
 o - a +6 ring of dexterity (left branch)
   (You found it on level 4 of the Dungeon)
 t - a ring of see invisible (right branch) {sInv}
   (You found it on level 6 of the Dungeon)
Wands
 d - a wand of flame (10)
   (You took it off Dowan on level 5 of the Dungeon)
 f - a wand of digging (8)
   (You found it on level 3 of the Dungeon)
 k - a wand of charming (22)
   (You took it off Ijyb on level 3 of the Dungeon)
Scrolls
 h - 4 scrolls of poison {!r}
 n - a scroll of immolation {!r}
 r - 6 scrolls of teleportation {!r!d, @r3}
Potions
 j - 4 potions of enlightenment
 s - a potion of attraction {!q}
 v - a potion of curing {unknown}
 A - a potion of brilliance
 B - 2 potions of magic
 C - a potion of degeneration {unknown}


   Skills:
 + Level 7.7 Fighting
 + Level 8.1 Staves
 - Level 2.0 Throwing
 * Level 10.5 Armour
 * Level 10.2 Dodging


You had 9 spell levels left.
You didn't know any spells.
Your spell library contained the following spells:

 Spells                   Type           Power      Damage    Failure   Level
 Sublimation of Blood     Necr           0%         N/A       63%         2
 Petrify                  Alch/Erth      0%         N/A       99%         4
 Irradiate                Conj/Alch      0%         3d11      100%        5


Dungeon Overview and Level Annotations

Branches:
Dungeon (9/15) Zot: 26803  Temple (1/1) D:5 Zot: 5964   Sewer (visited)
Ossuary (visited)
   Lair: D:8-11         Orc: D:9-12

Altars:
Ashenzari
Cheibriados
Dithmenos
Elyvilon
Fedhas
Gozag
Hepliaklqana
Kikubaaqudgha
Makhleb
Nemelex Xobeh
Okawaru
Qazlal
Ru
Sif Muna
Trog
Uskayaw
Vehumet
Wu Jian
Xom
Yredelemnul
Zin
The Shining One

Shops:
D:1 !   D:8 *

Annotations:
D:9 Jeremiah


Innate Abilities, Weirdness & Mutations

You are a tree.
Your roots penetrate the ground, keeping you stationary.
You cannot be teleported.
You are immune to unholy pain and torment.
Your maximum health is greatly increased.
Your equipment is partially melded.
((You have a pair of horns on your head.))
((You reflexively headbutt those who attack you in melee.))


Message History

You easily resist.
The orc wizard barely misses you.
You feel much better.
You feel less confused.
The butterfly disappears in a burst of colours! x2
Jeremiah closely misses you.
The orc wizard hits you but does no damage.
The orc wizard completely misses you. You furiously retaliate!
You headbutt the orc wizard!
The orc wizard gestures at you while chanting.
You easily resist.
You regained 21 hp, and now have 44/68 hp.
Okay, then.
You miss the butterfly.
Jeremiah hits you from afar with a +2 trident of draining!
You feel drained.
The orc priest looks satisfied for a moment.
The orc wizard misses you. You furiously retaliate!
You headbutt the orc wizard. The orc wizard closely misses you.
The orc wizard hits you but does no damage.
You take 9 damage, and have 35/66 hp.
You spin and attack the orc wizard repeatedly.
You hit the orc wizard. x2
You kill the orc wizard!
The Council accepts your kill.
You spin and attack the orc wizard.
You barely miss the orc wizard.
You spin and attack the butterfly.
You hit the butterfly.
You kill the butterfly!
The butterfly disappears in a burst of colours!
You spin and attack the butterfly.
You closely miss the butterfly.
The butterfly disappears in a burst of colours! x3
Jeremiah completely misses you. The orc wizard barely misses you.
You thump the orc wizard!
You kill the orc wizard!
The Council accepts your kill.
The butterfly disappears in a burst of colours! x2
Jeremiah throws their arms up pleadingly.
Something smites you!
The orc wizard gestures at you while chanting.
You are confused.
You take 7 damage, and have 29/67 hp.
Unknown command.
Your magical effects are unravelling.
You feel magically purged.
You feel less confused.
The butterfly disappears in a burst of colours! x3
Jeremiah hits you but does no damage.
You feel drained.
The orc wizard hits you but does no damage.
You are poisoned.
Unknown command.
Hit: a) +1 quarterstaff
Press: ? - help, Dir - move target, f - orc wizard
Aim: an orc wizard, wielding a +2 dagger of venom and wearing a +0 robe (almost dead, slightly transparent, about 34% to evade your +1 quarterstaff)
You hit the orc wizard but do no damage.
You headbutt the orc wizard.
You kill the orc wizard!
The Council accepts your kill.
You feel very sick.
The butterfly disappears in a burst of colours!
Jeremiah barely misses you.
You take 2 damage, and have 27/67 hp.
Hit: a) +1 quarterstaff
Press: ? - help, Dir - move target, f - you
Okay, then.
You closely miss the butterfly.
You feel sick.
Jeremiah hits you from afar with a +2 trident of draining!
* * * LOW HITPOINT WARNING * * *
You feel drained.
* * * LOW HITPOINT WARNING * * *
You take 12 damage, and have 15/64 hp.
Unknown command.
Unknown command.
Okay, then.
You barely miss the butterfly.
You feel sick.
Jeremiah hits you from afar with a +2 trident of draining.
* * * LOW HITPOINT WARNING * * *
You feel drained.
You take 5 damage, and have 10/62 hp.
Unknown command.
Unknown command.
You feel yourself speed up.
You feel sick.
The butterfly disappears in a burst of colours! x2
Jeremiah's eyes close briefly, then snap open.
Jeremiah hits you from afar with a +2 trident of draining.
* * * LOW HITPOINT WARNING * * *
You feel drained.
* * * LOW HITPOINT WARNING * * *
You take 8 damage, and have 2/60 hp.
Unknown command.
Unknown command.
Really quaff
z - a potion of lignification {!q}?
Really quaff the potion of lignification?
You turn into a tree.
Your +2 hat melds into your body.
Your +0 pair of boots melds into your body.
Your +0 acid dragon scales melds into your body.
Your roots penetrate the ground.
The butterfly disappears in a burst of colours! x2
Jeremiah hits you from afar with a +2 trident of draining!
You die...
Jeremiah wails, "I didn't mean to kill anyone!
I'm not a murderer!"

#<.......####
##.#######
#..## ##bb#
####.#####
####..b..bb.###
.....bbbbobb...
####..)bbbbb###
#.[b♣bFo.#
##########


You could see Jeremiah, an orc priest and an orc.

Vanquished Creatures
  Erica (D:8)
  Pikel (D:7)
  A gargoyle (D:8)
  Sigmund (D:3)
  A vampire (D:8)
  3 wyverns (D:7 D:8)
  Edmund (D:6)
  An acid dragon (D:8)
  Duvessa (D:5)
  Pargi (Sewer)
  An orc warrior (D:9)
  An ice beast (D:6)
  2 ogres (D:4 D:7)
  A centaur (D:8)
  2 lemures (D:7)
  Blork the orc (D:4)
  2 bullfrogs (D:6 D:8)
  6 scorpions (D:4 D:5)
  5 wights (Ossuary D:9)
  Dowan (D:5)
  A burial acolyte (Ossuary)
  2 howler monkeys (D:8)
  3 hounds (D:4 D:7)
  5 jellies (D:4 D:5 D:7)
  4 orc priests (D:3 D:8 D:9)
  4 iguanas (D:4 D:5 D:6)
  8 orc wizards (D:6 D:8 D:9)
  3 sleepcaps (D:4 D:5 D:6)
  Ijyb (D:3)
  A mummy (Ossuary)
  6 adders (D:2 D:3 D:4 D:5)
  2 white imps (D:5 D:7)
  2 ufetubi (D:5)
  A ribbon worm (D:3)
  2 dart slugs (D:3 D:4)
  12 orcs (D:3 D:5 D:6 D:7 D:9)
  8 endoplasms (D:1 D:2 D:3)
  3 giant cockroaches (D:1 D:3)
  16 goblins (D:1 D:2 D:3 D:4)
  6 hobgoblins (D:1 D:4)
  9 jackals (D:3 Sewer D:4)
  7 quokkas (D:1 D:3 D:4)
  6 ball pythons (D:1 D:3 D:4)
  4 bats (D:1)
  2 frilled lizards (D:1)
  5 gnoll skeletons (Ossuary)
  10 kobolds (D:1 D:3 Sewer D:4)
  5 kobold skeletons (Ossuary)
  10 orc skeletons (Ossuary)
  2 quokka zombies (D:7)
  2 rats (D:1 D:3)
186 creatures vanquished.

Notes
Turn   | Place    | Note
-------+----------+-------------------------------------------
     0 | D:1      | Ambrosia the Minotaur Gladiator began the quest for the
                  | Orb.
     0 | D:1      | Reached XP level 1. HP: 18/18 MP: 0/0
     0 | D:1      | Ambrosia: screw this
     0 | D:1      | Ambrosia: I'm doing op setup
    82 | D:1      | Reached skill level 1 in Armour
    84 | D:1      | Reached XP level 2. HP: 25/25 MP: 1/1
   152 | D:1      | Found Jeny's Distillery.
   329 | D:1      | Reached XP level 3. HP: 30/30 MP: 2/2
   589 | D:1      | Reached skill level 2 in Armour
   876 | D:2      | Found an opulent altar of Gozag.
   936 | D:2      | Reached skill level 4 in Staves
   936 | D:2      | Reached skill level 4 in Dodging
  1028 | D:2      | You fall into a shaft and drop 1 floor!
  1127 | D:3      | Reached skill level 3 in Fighting
  1255 | D:3      | Reached XP level 4. HP: 38/38 MP: 3/3
  1316 | D:3      | Found a glowing drain.
  1321 | Sewer    | Entered a sewer
  1404 | Sewer    | Noticed Pargi
  1410 | Sewer    | Killed Pargi
  1411 | Sewer    | Reached skill level 3 in Armour
  1411 | Sewer    | Reached XP level 5. HP: 33/45 MP: 4/4
  1475 | Sewer    | Ambrosia: see
  1475 | Sewer    | Ambrosia: op
  1475 | Sewer    | Ambrosia: 3 shot pargi
  1626 | D:3      | Noticed Sigmund
  1636 | D:3      | Killed Sigmund
  1637 | D:3      | Reached skill level 4 in Armour
  1637 | D:3      | Reached skill level 5 in Dodging
  1637 | D:3      | Reached XP level 6. HP: 42/52 MP: 5/5
  1817 | D:3      | Identified the +5 rapier "Asoffusyro" {spect, Str+5}
  2422 | D:3      | Reached skill level 4 in Fighting
  2452 | D:3      | Noticed Ijyb
  2466 | D:3      | Killed Ijyb
  2950 | D:4      | Reached skill level 5 in Staves
  2950 | D:4      | Reached skill level 5 in Armour
  2950 | D:4      | Reached XP level 7. HP: 54/59 MP: 6/6
  2992 | D:4      | Noticed Blork the orc
  3003 | D:4      | Killed Blork the orc
  3347 | D:4      | Reached skill level 6 in Dodging
  3617 | D:4      | Identified the +4 dagger "Newtbane" {freeze, Int+5}
  3685 | D:4      | Found a burning altar of Makhleb.
  3896 | D:5      | Entered Level 5 of the Dungeon
  3896 | D:5      | Noticed Duvessa
  3896 | D:5      | Noticed Dowan
  3898 | D:5      | Reached skill level 5 in Fighting
  3898 | D:5      | Reached skill level 6 in Armour
  3962 | D:5      | HP: 30/61 [Duvessa/+0 short sword (3)]
  3966 | D:5      | HP: 12/61 [Duvessa/+0 short sword (7)]
  3968 | D:5      | Killed Duvessa
  3969 | D:5      | Reached XP level 8. HP: 14/68 MP: 7/7
  4318 | D:5      | Killed Dowan
  4473 | D:5      | Reached skill level 7 in Dodging
  4845 | D:5      | Found a staircase to the Ecumenical Temple.
  4851 | Temple   | Entered the Ecumenical Temple
  4857 | Temple   | Ambrosia: holy shit
  4857 | Temple   | Ambrosia: every altar
  4857 | Temple   | Rudyous: wow
  4857 | Temple   | Rudyous: lucky
  4857 | Temple   | Ambrosia: except for makleb and gozag
  4871 | Temple   | Became a worshipper of the Wu Jian Council
  4912 | D:5      | Reached skill level 6 in Staves
  4960 | D:5      | Reached skill level 7 in Armour
  5513 | D:6      | Noticed Edmund
  5531 | D:6      | HP: 30/70 [Edmund/+1 heavy dire flail (13)]
  5533 | D:6      | HP: 10/70 [Edmund/+1 heavy dire flail (20)]
  5534 | D:6      | Killed Edmund
  5535 | D:6      | Reached skill level 6 in Fighting
  5535 | D:6      | Reached skill level 8 in Dodging
  6218 | D:7      | Reached skill level 8 in Armour
  6218 | D:7      | Reached XP level 9. HP: 40/75 MP: 8/8
  6433 | D:7      | Noticed Pikel
  6441 | D:7      | Killed Pikel
  6442 | D:7      | Reached skill level 7 in Staves
  6756 | D:7      | Found a sand-covered staircase.
  6764 | Ossuary  | Entered an ossuary
  6838 | Ossuary  | Reached * piety under Wu Jian
  7458 | D:7      | Reached skill level 9 in Armour
  7558 | D:7      | Reached skill level 9 in Dodging
  7931 | D:8      | Found Zecsaxehut's Assorted Antiques.
  8058 | D:8      | Bought a scroll labelled YBLIZ ROTSO for 29 gold pieces
  8058 | D:8      | Bought a scroll of teleportation for 87 gold pieces
  8058 | D:8      | Bought 3 scrolls of teleportation for 261 gold pieces
  8191 | D:8      | Reached skill level 7 in Fighting
  8381 | D:8      | Noticed Erica
  8387 | D:8      | HP: 38/79 [poisoned by Erica (bolt of poison)]
  8388 | D:8      | Killed Erica
  8389 | D:8      | Reached skill level 10 in Armour
  8389 | D:8      | Reached XP level 10. HP: 37/86 MP: 9/9
  8392 | D:8      | HP: 31/86 [poisoned by Erica (bolt of poison)]
  8609 | D:8      | HP: 40/86 [vampire (8)]
  8613 | D:8      | HP: 12/86 [vampire/vampiric draining (10)]
  8615 | D:8      | Reached skill level 10 in Dodging
  9017 | D:8      | Noticed a gargoyle
  9027 | D:8      | Killed a gargoyle
  9028 | D:8      | Reached skill level 8 in Staves
  9275 | D:9      | Reached ** piety under Wu Jian
  9324 | D:9      | Noticed Jeremiah
  9336 | D:9      | HP: 36/77 [Jeremiah/+2 trident of draining (5)]
  9341 | D:9      | HP: 31/75 [Jeremiah/+2 trident of draining (7)]
  9353 | D:9      | HP: 35/70 [Jeremiah/+2 trident of draining (4)]
  9359 | D:9      | HP: 29/66 [Jeremiah/divine providence (7)]
  9363 | D:9      | HP: 14/64 [poisoned by an orc wizard]
  9364 | D:9      | HP: 3/62 [Jeremiah/+2 trident of draining (6)]
  9365 | D:9      | Mangled by Jeremiah

Illustrated notes

Levels and vault maps discovered:
D:1:      minmay_arrival_stone_box, layout_loops_cross, serial_forest,
          infiniplex_forest_clump_curved, infiniplex_forest_end_double,
          infiniplex_forest_3_way, infiniplex_forest_lined_corner,
          infiniplex_forest_split, serial_shops, nicolae_shop_trees,
          hangedman_decor_riveting, minmay_distorted
D:2:      layout_basic, basic_altar
D:3:      kennysheep_goblin_castle, layout_basic, gup_sewer_entry_bowl,
          uniq_sigmund
D:4:      layout_gridville, makhleb_heckhound_becter, minmay_liquid_box,
          uniq_blork_the_orc
D:5:      layout_loops_cross, minmay_temple_entry_hall, uniq_duvessa
D:6:      layout_basic, uniq_edmund
D:7:      layout_cave_pods, enter_ossuary_4, uniq_pikel
D:8:      layout_cave_pools, serial_shops, shop, grunt_ministairs_14,
          hangedman_abyss_or_decor_stabs,
          serial_library_hellmonk_reading_circle, minmay_small_thing, uniq_erica
D:9:      layout_roguey, serial_shops, nicolae_shop_back_alley_shop,
          kennysheep_flooded_box, worms_lemuel, uniq_jeremiah
Temple:   compressed_dpeg_triangle_lava_temple

Skill      XL: |  1  2  3  4  5  6  7  8  9 10 |
---------------+-------------------------------+-----
Armour         | 1 2 3 4 5 6 8 10 | 10.5
Staves         | 4 5 6 7 8 |  8.1
Dodging        | 4 5 6 8 9 10 | 10.2
Fighting       | 3 4 5 6 7 |  7.7
Throwing       | |  2.0

Action                     |  1- 3 |  4- 6 |  7- 9 | 10-12 || total
---------------------------+-------+-------+-------+-------++-------
  Melee: Quarterstaff      |    63 |    73 |   246 |    91 ||   473
         Headbutt          |    11 |    16 |    50 |    20 ||    97
  Throw: Throwing net      |     4 |     1 |     4 |     1 ||    10
Ability: Lunge             |       |       |    15 |     5 ||    20
         Whirlwind         |       |       |       |    13 ||    13
  Evoke: Wand              |       |       |     6 |     6 ||    12
    Use: Scroll            |     2 |     3 |    15 |     1 ||    21
         Potion            |       |       |       |     5 ||     5
   Stab: Sleeping          |       |     1 |     6 |     1 ||     8
         Held in net/web   |       |       |       |     3 ||     3
 Armour: Leather armour    |    31 |    46 |   109 |       ||   186
         Acid dragon scale |       |       |     6 |    47 ||    53
         Skin              |       |       |       |     1 ||     1
  Dodge: Dodged            |    42 |    63 |   187 |    66 ||   358

Table legend: (Time is in decaauts)
 A = Elapsed time spent in this place.
 B = Non-inter-level travel time spent in this place.
 C = Inter-level travel time spent in this place.
 D = Time resting spent in this place.
 E = Time spent auto-exploring this place.
 F = Levels seen in this place.
 G = Mean time per level.
                   A        B        C        D        E       F      G
               +--------+--------+--------+--------+--------+-----+--------+
         Total |   9391 |   9196 |    195 |   1616 |   5989 |  12 |  782.6 |
       Dungeon |   8888 |   8721 |    167 |   1524 |   5737 |   9 |  987.6 |
        Temple |     35 |      7 |     28 |      0 |      0 |   1 |   35.0 |
         Sewer |    186 |    186 |      0 |      0 |    139 |   1 |  186.0 |
       Ossuary |    281 |    281 |      0 |     92 |    112 |   1 |  281.0 |
               +--------+--------+--------+--------+--------+-----+--------+

Top non-repeatable levels by time:
     D:3: 1635 daAuts
     D:4: 1431 daAuts
     D:7: 1343 daAuts
     D:8: 1341 daAuts
     D:5: 1100 daAuts
     D:1: 880 daAuts
     D:6: 808 daAuts
 Ossuary: 281 daAuts
     D:9: 195 daAuts
   Sewer: 186 daAuts
     D:2: 152 daAuts
  Temple: 35 daAuts

Levels and vault maps discovered:
D:1:      minmay_arrival_stone_box, layout_loops_cross, serial_forest,
          infiniplex_forest_clump_curved, infiniplex_forest_end_double,
          infiniplex_forest_3_way, infiniplex_forest_lined_corner,
          infiniplex_forest_split, serial_shops, nicolae_shop_trees,
          hangedman_decor_riveting, minmay_distorted
D:2:      layout_basic, basic_altar
D:3:      kennysheep_goblin_castle, layout_basic, gup_sewer_entry_bowl,
          uniq_sigmund
D:4:      layout_gridville, makhleb_heckhound_becter, minmay_liquid_box,
          uniq_blork_the_orc
D:5:      layout_loops_cross, minmay_temple_entry_hall, uniq_duvessa
D:6:      layout_basic, uniq_edmund
D:7:      layout_cave_pods, enter_ossuary_4, uniq_pikel
D:8:      layout_cave_pools, serial_shops, shop, grunt_ministairs_14,
          hangedman_abyss_or_decor_stabs,
          serial_library_hellmonk_reading_circle, minmay_small_thing, uniq_erica
D:9:      layout_roguey, serial_shops, nicolae_shop_back_alley_shop,
          kennysheep_flooded_box, worms_lemuel, uniq_jeremiah
Temple:   compressed_dpeg_triangle_lava_temple

Table legend: (Time is in decaauts)
 A = Elapsed time spent in this place.
 B = Non-inter-level travel time spent in this place.
 C = Inter-level travel time spent in this place.
 D = Time resting spent in this place.
 E = Time spent auto-exploring this place.
 F = Levels seen in this place.
 G = Mean time per level.
                   A        B        C        D        E       F      G
               +--------+--------+--------+--------+--------+-----+--------+
         Total |   9391 |   9196 |    195 |   1616 |   5989 |  12 |  782.6 |
       Dungeon |   8888 |   8721 |    167 |   1524 |   5737 |   9 |  987.6 |
        Temple |     35 |      7 |     28 |      0 |      0 |   1 |   35.0 |
         Sewer |    186 |    186 |      0 |      0 |    139 |   1 |  186.0 |
       Ossuary |    281 |    281 |      0 |     92 |    112 |   1 |  281.0 |
               +--------+--------+--------+--------+--------+-----+--------+

Top non-repeatable levels by time:
     D:3: 1635 daAuts
     D:4: 1431 daAuts
     D:7: 1343 daAuts
     D:8: 1341 daAuts
     D:5: 1100 daAuts
     D:1: 880 daAuts
     D:6: 808 daAuts
 Ossuary: 281 daAuts
     D:9: 195 daAuts
   Sewer: 186 daAuts
     D:2: 152 daAuts
  Temple: 35 daAuts

Table legend:
 A = Kills in this place as a percentage of kills in the entire game.
 B = Kills by you in this place as a percentage of kills by you in the entire game.
 C = Kills by friends in this place as a percentage of kills by friends in the entire game.
 D = Other kills in this place as a percentage of other kills in the entire game.
 E = Experience gained in this place as a percentage of experience gained in the entire game.
 F = Experience gained in this place divided by the number of levels of this place that you have seen.
                   A       B       C       D       E      F
               +-------+-------+-------+-------+-------+----------------------
         Total | 100.0 | 100.0 |   N/A |   N/A | 100.0 | 581.3
       Dungeon |  83.7 |  83.7 |   N/A |   N/A |  94.3 | 731.0
         Sewer |   3.3 |   3.3 |   N/A |   N/A |   2.0 | 141.0
       Ossuary |  13.0 |  13.0 |   N/A |   N/A |   3.7 | 256.0
               +-------+-------+-------+-------+-------+----------------------
